PBL
MADISON BREWERS @ OAKLAND OAKS
09/28/2049
 
TOP OF THE 1ST
Madison Brewers batting - Pitching for Oakland Oaks : LHP Artemio Millares
Pitching: LHP Artemio Millares
Batting: RHB Ben Follett 0-0: Swinging Strike
0-1: Foul Ball, location: 2F
0-2: Ball
1-2: Strikes out swinging
Batting: RHB Troy Morin 0-0: Ball
1-0: Fly out, F9 (Flyball, 9, EV 92.5 MPH)
Batting: LHB Bill Kovac 0-0: Ground out U3 (Groundball, 3S, EV 68.1 MPH)
Top of the 1st over - 0 runs, 0 hits, 0 errors, 0 left on base; Madison 0 - Oakland 0
BOTTOM OF THE 1ST
Oakland Oaks batting - Pitching for Madison Brewers : RHP Dante Taylor
Pitching: RHP Dante Taylor
Batting: SHB Steve McGee 0-0: Called Strike
0-1: Ground out U3 (Groundball, 34, EV 93.1 MPH)
Batting: LHB Chris Davidson 0-0: Ground out 4-3 (Groundball, 4, EV 86.2 MPH)
Batting: LHB Justin LeFlore 0-0: Ball
1-0: Called Strike
1-1: Ground out 6-3 (Groundball, 6S, EV 80.6 MPH)
Bottom of the 1st over - 0 runs, 0 hits, 0 errors, 0 left on base; Madison 0 - Oakland 0
TOP OF THE 2ND
Madison Brewers batting - Pitching for Oakland Oaks : LHP Artemio Millares
Batting: RHB Jelani Griffin 0-0: Ball
1-0: Swinging Strike
1-1: Ball
2-1: Ball
3-1: Base on Balls
Batting: RHB Malcolm McCauley 0-0: Called Strike
0-1: Ball
1-1: Foul Ball, location: 2F
1-2: Ball
2-2: Grounds into double play, 6-4-3 (Groundball, 6S, EV 94.4 MPH)
Batting: LHB Danny Roberts 0-0: Ball
1-0: Ball
2-0: Ball
3-0: Called Strike
3-1: Foul Ball, location: 2F
3-2: Ground out 4-3 (Groundball, 4, EV 87.5 MPH)
Top of the 2nd over - 0 runs, 0 hits, 0 errors, 0 left on base; Madison 0 - Oakland 0
BOTTOM OF THE 2ND
Oakland Oaks batting - Pitching for Madison Brewers : RHP Dante Taylor
Batting: SHB Chris King 0-0: SINGLE (Groundball, 3D, EV 100.6 MPH)
Batting: RHB Moises Guzman 0-0: Grounds into double play, 5-4-3 (Groundball, 5S, EV 87.5 MPH)
Batting: RHB Mario Medina 0-0: Called Strike
0-1: Ball
1-1: Ball
2-1: Called Strike
2-2: Ball
3-2: Strikes out looking
Bottom of the 2nd over - 0 runs, 1 hit, 0 errors, 0 left on base; Madison 0 - Oakland 0
TOP OF THE 3RD
Madison Brewers batting - Pitching for Oakland Oaks : LHP Artemio Millares
Batting: RHB Steve Brock 0-0: Ball
1-0: Ball
2-0: Ball
3-0: Base on Balls
Batting: RHB Dave Guevara 0-0: Ball
1-0: Ball
2-0: Fielders Choice at 2nd, 3-6 (Groundball, 34, EV 86.2 MPH)
Batting: LHB Andy Underwood 0-0: Swinging Strike
0-1: Fly out, F7 (Flyball, 7S, EV 81.2 MPH)
Batting: RHB Ben Follett 0-0: Called Strike
0-1: Ball
1-1: Ball
2-1: Foul Ball, location: 2F
2-2: Strikes out swinging
Top of the 3rd over - 0 runs, 0 hits, 0 errors, 1 left on base; Madison 0 - Oakland 0
BOTTOM OF THE 3RD
Oakland Oaks batting - Pitching for Madison Brewers : RHP Dante Taylor
Batting: RHB Edwin Nunez 0-0: Called Strike
0-1: Swinging Strike
0-2: Foul Ball, location: 2F
0-2: Ball
1-2: Hit by Pitch
Batting: RHB Jack Stadner 0-0: Called Strike
0-1: Ball
1-1: Swinging Strike
1-2: Ball
2-2: Strikes out swinging
Batting: RHB Matt Nehman 0-0: Ball
1-0: Ball
2-0: Fly out, F8 (Flyball, 8LM, EV 92.5 MPH)
Batting: SHB Steve McGee 0-0: Fly out, F8 (Flyball, 89M, EV 83.8 MPH)
Bottom of the 3rd over - 0 runs, 0 hits, 0 errors, 1 left on base; Madison 0 - Oakland 0
TOP OF THE 4TH
Madison Brewers batting - Pitching for Oakland Oaks : LHP Artemio Millares
Batting: RHB Troy Morin 0-0: Ball
1-0: Called Strike
1-1: Ball
2-1: DOUBLE (Groundball, 3L, EV 104.4 MPH)
Batting: LHB Bill Kovac 0-0: Ball
1-0: Called Strike
1-1: Ball
2-1: Ground out 6-3 (Groundball, 6, EV 105.6 MPH)
Batting: RHB Jelani Griffin 0-0: Ball
1-0: Ball
2-0: Foul Ball, location: 2F
2-1: Foul Ball, location: 2F
2-2: Foul Ball, location: 2F
2-2: Foul Ball, location: 2F
2-2: Foul Ball, location: 2F
2-2: Ball
3-2: Foul Ball, location: 2F
3-2: Ground out U3 (Groundball, 34S, EV 85.0 MPH)
Troy Morin to third
Batting: RHB Malcolm McCauley 0-0: Ball
1-0: Called Strike
1-1: Called Strike
1-2: Strikes out swinging
Top of the 4th over - 0 runs, 1 hit, 0 errors, 1 left on base; Madison 0 - Oakland 0
BOTTOM OF THE 4TH
Oakland Oaks batting - Pitching for Madison Brewers : RHP Dante Taylor
Batting: LHB Chris Davidson 0-0: Fly out, F8 (Flyball, 8LD, EV 99.4 MPH)
Batting: LHB Justin LeFlore 0-0: Foul Ball, location: 2F
0-1: Called Strike
0-2: Strikes out swinging
Batting: SHB Chris King 0-0: Called Strike
0-1: Ball
1-1: SINGLE (Line Drive, 89S, EV 91.2 MPH)
Batting: RHB Moises Guzman 0-0: Swinging Strike
0-1: Foul Ball, location: 2F
0-2: Ball
1-2: Foul Ball, location: 2F
1-2: Foul Ball, location: 2F
1-2: Ball
2-2: Ball
3-2: Foul Ball, location: 2F
3-2: Fly out, F8 (Flyball, 78D, EV 101.9 MPH)
Bottom of the 4th over - 0 runs, 1 hit, 0 errors, 1 left on base; Madison 0 - Oakland 0
TOP OF THE 5TH
Madison Brewers batting - Pitching for Oakland Oaks : LHP Artemio Millares
Batting: LHB Danny Roberts 0-0: SINGLE (Groundball, 34, EV 101.9 MPH)
Batting: RHB Steve Brock 0-0: Called Strike
0-1: Ball
1-1: Fly out, F8 (Flyball, 8LD, EV 103.8 MPH)
Batting: RHB Dave Guevara 0-0: DOUBLE (Groundball, 5L, EV 101.9 MPH)
Danny Roberts to third
Batting: LHB Andy Underwood 0-0: Ball
1-0: Ball
2-0: SINGLE (Groundball, 25, EV 68.8 MPH) (infield hit)
Pitching: LHP Trevor Barker
Batting: RHB Ben Follett 0-0: TRIPLE (Groundball, 5L, EV 100.6 MPH)
Danny Roberts scores
Dave Guevara scores
Andy Underwood scores
Batting: RHB Troy Morin 0-0: Ball
1-0: Swinging Strike
1-1: Called Strike
1-2: Ball
2-2: Foul Ball, location: 2F
2-2: Ball
3-2: Fly out, F9 (Flyball, 89S, EV 90.6 MPH)
Batting: LHB Bill Kovac 0-0: Foul Ball, location: 2F
0-1: 2-RUN HOME RUN (Flyball, 9LD, EV 99.4 MPH), Distance : 371 ft
Batting: RHB Jelani Griffin 0-0: Called Strike
0-1: Called Strike
0-2: Strikes out swinging
Top of the 5th over - 5 runs, 5 hits, 0 errors, 0 left on base; Madison 5 - Oakland 0
BOTTOM OF THE 5TH
Oakland Oaks batting - Pitching for Madison Brewers : RHP Dante Taylor
Batting: RHB Mario Medina 0-0: Fly out, F9 (Flyball, 9LSF, EV 88.1 MPH)
Batting: RHB Edwin Nunez 0-0: Ball
1-0: Ball
2-0: Foul Ball, location: 2F
2-1: Foul Ball, location: 2F
2-2: SINGLE (Line Drive, 78S, EV 108.1 MPH)
Batting: RHB Jack Stadner 0-0: Ball
1-0: Ball
2-0: Ball
3-0: Base on Balls
Edwin Nunez to second
Batting: RHB Matt Nehman 0-0: Ball
1-0: Swinging Strike
1-1: Foul Ball, location: 2F
1-2: Fly out, F9 (Flyball, 9LM, EV 91.9 MPH)
Batting: SHB Steve McGee 0-0: Ball
Wild Pitch!
Edwin Nunez to third
Jack Stadner to second
1-0: Foul Ball, location: 2F
1-1: Foul Ball, location: 2F
1-2: Strikes out swinging
Bottom of the 5th over - 0 runs, 1 hit, 0 errors, 2 left on base; Madison 5 - Oakland 0
TOP OF THE 6TH
Madison Brewers batting - Pitching for Oakland Oaks : LHP Trevor Barker
Batting: RHB Malcolm McCauley 0-0: Foul Ball, location: 2F
0-1: Ball
1-1: Ball
2-1: Ball
3-1: Called Strike
3-2: Foul Ball, location: 2F
3-2: Ground out U3 (Groundball, 34, EV 83.1 MPH)
Batting: LHB Danny Roberts 0-0: Ball
1-0: Ground out 4-3 (Groundball, 4D, EV 105.0 MPH)
Batting: RHB Steve Brock 0-0: Ball
1-0: Ball
2-0: Foul Ball, location: 2F
2-1: Foul Ball, location: 2F
2-2: DOUBLE (Line Drive, 3D, EV 100.0 MPH)
Batting: RHB Dave Guevara 0-0: Ball
1-0: Ball
2-0: SINGLE (Groundball, 5S, EV 62.5 MPH) (infield hit)
Steve Brock to third
Pinch Hitting: RHB Yang-cheng Kui 0-0: Ball
1-0: Ball
2-0: Called Strike
2-1: Foul Ball, location: 2F
2-2: Ball
3-2: Foul Ball, location: 2F
3-2: Strikes out swinging
Top of the 6th over - 0 runs, 2 hits, 0 errors, 2 left on base; Madison 5 - Oakland 0
BOTTOM OF THE 6TH
Oakland Oaks batting - Pitching for Madison Brewers : RHP Dante Taylor
Now in RF: Rick Acevedo
Batting: LHB Chris Davidson 0-0: SINGLE (Groundball, 34D, EV 94.4 MPH)
Batting: LHB Justin LeFlore 0-0: Called Strike
0-1: Ball
1-1: Fly out, F8 (Line Drive, 8LD, EV 95.6 MPH)
Batting: SHB Chris King 0-0: Ball
1-0: Ball
2-0: Ball
3-0: Called Strike
3-1: Base on Balls
Chris Davidson to second
Batting: RHB Moises Guzman 0-0: Swinging Strike
0-1: Hit by Pitch
Chris Davidson to third
Chris King to second
Batting: RHB Mario Medina 0-0: Ball
1-0: Foul Ball, location: 2F
1-1: Ball
2-1: Fly out, F8 (Flyball, 8LS, EV 85.0 MPH)
Batting: RHB Edwin Nunez 0-0: Ground out 4-3 (Groundball, 4, EV 102.5 MPH)
Bottom of the 6th over - 0 runs, 1 hit, 0 errors, 3 left on base; Madison 5 - Oakland 0
TOP OF THE 7TH
Madison Brewers batting - Pitching for Oakland Oaks : LHP Trevor Barker
Batting: RHB Ben Follett 0-0: Ball
1-0: Ball
2-0: Swinging Strike
2-1: Swinging Strike
2-2: Ball
3-2: Base on Balls
Pitching: RHP Matt Doherty
Batting: RHB Troy Morin 0-0: Ball
1-0: Ball
Ben Follett is caught stealing 2nd base 2-4
2-0: Foul Ball, location: 2F
2-1: Fly out, F5 (Popup, 25F, EV 89.4 MPH)
Batting: LHB Bill Kovac 0-0: Ball
1-0: Called Strike
1-1: Swinging Strike
1-2: Ball
2-2: Ball
3-2: Foul Ball, location: 2F
3-2: Base on Balls
Batting: RHB Jelani Griffin 0-0: Ball
1-0: Foul Ball, location: 2F
1-1: Foul Ball, location: 2F
1-2: Foul Ball, location: 2F
1-2: Fly out, F5 (Line Drive, 5L, EV 71.9 MPH)
Top of the 7th over - 0 runs, 0 hits, 0 errors, 1 left on base; Madison 5 - Oakland 0
BOTTOM OF THE 7TH
Oakland Oaks batting - Pitching for Madison Brewers : RHP Dante Taylor
Batting: RHB Jack Stadner 0-0: Ball
1-0: Swinging Strike
1-1: Ball
2-1: Ball
3-1: Foul Ball, location: 2F
3-2: Ground out 6-3 (Groundball, P, EV 85.0 MPH)
Batting: RHB Matt Nehman 0-0: Ball
1-0: Ground out 6-3 (Groundball, 6, EV 86.9 MPH)
Batting: SHB Steve McGee 0-0: Ball
1-0: Ground out 6-3 (Groundball, 6, EV 75.6 MPH)
Bottom of the 7th over - 0 runs, 0 hits, 0 errors, 0 left on base; Madison 5 - Oakland 0
TOP OF THE 8TH
Madison Brewers batting - Pitching for Oakland Oaks : RHP Matt Doherty
Batting: RHB Malcolm McCauley 0-0: Foul Ball, location: 2F
0-1: Ground out 6-3 (Groundball, 6, EV 100.0 MPH)
Batting: LHB Danny Roberts 0-0: Called Strike
0-1: Ball
1-1: Called Strike
1-2: Ball
2-2: Strikes out looking
Batting: RHB Steve Brock 0-0: Ball
1-0: Ball
2-0: Foul Ball, location: 2F
2-1: Foul Ball, location: 2F
2-2: Ground out 4-3 (Groundball, 4, EV 106.9 MPH)
Top of the 8th over - 0 runs, 0 hits, 0 errors, 0 left on base; Madison 5 - Oakland 0
BOTTOM OF THE 8TH
Oakland Oaks batting - Pitching for Madison Brewers : RHP Dante Taylor
Pitching: RHP Noah Peek
Batting: LHB Chris Davidson 0-0: Foul Ball, location: 2F
0-1: Ball
1-1: Ball
2-1: Swinging Strike
2-2: Foul Ball, location: 2F
2-2: Ball
3-2: Ground out 4-3 (Groundball, 4, EV 104.4 MPH)
Batting: LHB Justin LeFlore 0-0: Ball
1-0: Fly out, F8 (Flyball, 8LD, EV 101.9 MPH)
Batting: SHB Chris King 0-0: Called Strike
0-1: Foul Ball, location: 2F
0-2: Ball
1-2: Strikes out swinging
Bottom of the 8th over - 0 runs, 0 hits, 0 errors, 0 left on base; Madison 5 - Oakland 0
TOP OF THE 9TH
Madison Brewers batting - Pitching for Oakland Oaks : RHP Matt Doherty
Pitching: LHP Jason Hahn
Batting: RHB Dave Guevara 0-0: Ball
1-0: Ball
2-0: Ground out 4-3 (Groundball, 4, EV 105.6 MPH)
Batting: RHB Rick Acevedo 0-0: Ball
1-0: Ball
2-0: Ball
3-0: Called Strike
3-1: Base on Balls
Batting: RHB Ben Follett 0-0: Ball
1-0: Called Strike
1-1: Ball
2-1: Foul Ball, location: 2F
2-2: Strikes out swinging
Batting: RHB Troy Morin 0-0: Ball
1-0: Ground out 6-3 (Groundball, 6S, EV 82.5 MPH)
Top of the 9th over - 0 runs, 0 hits, 0 errors, 1 left on base; Madison 5 - Oakland 0
BOTTOM OF THE 9TH
Oakland Oaks batting - Pitching for Madison Brewers : RHP Noah Peek
Batting: RHB Moises Guzman 0-0: Called Strike
0-1: Ball
1-1: DOUBLE (Flyball, 78XD, EV 100.0 MPH)
Pinch Hitting: RHB Kasey Sands 0-0: Reached on error, E5 (Groundball, 5, EV 102.5 MPH)
Moises Guzman to third
Pinch Hitting: LHB Justin Conley 0-0: Foul Ball, location: 2F
0-1: Called Strike
0-2: Ball
1-2: Foul Ball, location: 2F
1-2: SINGLE (Groundball, 15S, EV 65.6 MPH) (infield hit)
Kasey Sands to second
Pinch Hitting: LHB Brian Canny 0-0: Ball
1-0: Fly out, F7 (Flyball, 7, EV 87.5 MPH)
Pinch Hitting: RHB Ernie McLean 0-0: Ball
1-0: Foul Ball, location: 2F
1-1: Foul Ball, location: 2F
1-2: Ball
2-2: Grounds into double play, 5-4-3 (Groundball, 56, EV 85.0 MPH)
Bottom of the 9th over - 0 runs, 2 hits, 1 error, 2 left on base; Madison 5 - Oakland 0
Sunday, July 16th , 2023 - OOTP Baseball 24.6 Build 69